[Event "ICC tourney 2434 (75 10)"]
[Site "Internet Chess Club"]
[Date "2021.03.07"]
[Round "5"]
[White "JING, ANDREW:andrewj508"]
[Black "WANG, YUANZHE:yogokings12"]
[Result "0-1"]
[ICCResult "White checkmated"]
[WhiteElo "1312"]
[BlackElo "1576"]
[Opening "Grünfeld with Bf4 & e3"]
[ECO "D93"]
[NIC "QP.07"]
[Time "16:31:44"]
[PlyCount "116"]
[TimeControl "4500+10"]

1. d4 Nf6 2. Bf4 g6 3. e3 Bg7 4. c4 O-O 5. Nf3 d5 6. Nc3 c5 7. cxd5 Nxd5 8.
Bg3 Nc6 9. Bc4 Nxc3 10. bxc3 Qa5 11. Qd2 cxd4 12. exd4 Bg4 13. Rc1 Bxf3 14.
gxf3 e5 15. d5 Rad8 16. Qe3 Ne7 17. Bxe5 Nxd5 18. Bxd5 Bxe5 19. Bb3 Rfe8
20. Kf1 Bd6 21. Qd3 Qc5 22. Qc2 Bf4 23. Rd1 Rxd1+ 24. Qxd1 Qxc3 25. Qd7 Rf8
26. Qxb7 a5 27. Qe4 Be5 28. h4 Qd4 29. Qc2 Qf4 30. Rh3 Rd8 31. h5 Kg7 32.
hxg6 hxg6 33. Qe4 Qc1+ 34. Kg2 Qg5+ 35. Qg4 Qxg4+ 36. fxg4 Rd4 37. f3 a4
38. f4 Bxf4 39. Bxa4 Rxa4 40. Rf3 Rxa2+ 41. Kh1 g5 42. Rd3 Kf6 43. Rd5 Ke6
44. Rf5 Ra3 45. Kg2 Rg3+ 46. Kf2 Rxg4 47. Ra5 f5 48. Ra6+ Bd6 49. Ra5 Rb4
50. Ra3 f4 51. Kf3 Kf5 52. Ra5+ Be5 53. Ra3 g4+ 54. Kf2 Rb2+ 55. Kg1 g3 56.
Ra5 f3 57. Rd5 Rb1+ 58. Rd1 Rxd1# { White checkmated } 0-1

[Event "ICC tourney 2434 (75 10)"]
[Site "Internet Chess Club"]
[Date "2021.03.07"]
[Round "5"]
[White "Li, Jingtu Oscar:ZYCON"]
[Black "GINZBURG, LIORA:Liopleuradon15"]
[Result "0-1"]
[ICCResult "White checkmated"]
[WhiteElo "1364"]
[BlackElo "1443"]
[Opening "King's Indian: 6.Be2"]
[ECO "E91"]
[NIC "KI.19"]
[Time "16:31:39"]
[PlyCount "84"]
[TimeControl "4500+10"]

1. d4 Nf6 2. c4 g6 3. Nc3 Bg7 4. e4 O-O 5. Nf3 d6 6. Be2 Nc6 7. O-O Bd7 8.
d5 Ne5 9. Nxe5 dxe5 10. Be3 Ne8 11. c5 f5 12. exf5 Bxf5 13. Bc4 Kh8 14. Qb3
b6 15. Rfd1 bxc5 16. Bxc5 Nd6 17. Rac1 Rb8 18. Qa4 Bd7 19. Qa6 Rxb2 20.
Bxd6 exd6 21. Qxa7 Rfxf2 22. Qxf2 Rxf2 23. Kxf2 Qh4+ 24. Kg1 Qxc4 25. Re1
Bh6 26. Rc2 Bf5 27. Rce2 Qxc3 28. Kh1 Bg4 29. Re4 Bf4 30. Kg1 Bf5 31. R4e2
Bd3 32. Kf1 Bxe2+ 33. Kxe2 Qc2+ 34. Kf3 Qxa2 35. h3 Qxd5+ 36. Kf2 c5 37.
Re2 c4 38. Rc2 Qd3 39. Re2 Bg3+ 40. Kf1 c3 41. h4 c2 42. h5 c1=Q# { White
checkmated } 0-1

[Event "ICC tourney 2434 (75 10)"]
[Site "Internet Chess Club"]
[Date "2021.03.07"]
[Round "5"]
[White "DAMERDJI, SALIM:dgream"]
[Black "REMPE, LENNIK:Kokosnuss1000"]
[Result "1-0"]
[ICCResult "Black resigns"]
[WhiteElo "1422"]
[BlackElo "1450"]
[Opening "Queen's pawn, Mason variation"]
[ECO "D00"]
[NIC "QP.08"]
[Time "16:31:12"]
[PlyCount "41"]
[TimeControl "4500+10"]

1. d4 d5 2. Bf4 Nf6 3. e3 e6 4. Bd3 Be7 5. Nd2 O-O 6. Ngf3 Nbd7 7. Qe2 b6
8. e4 Bb7 9. e5 Nh5 10. Bg3 Nxg3 11. hxg3 h6 12. g4 f5 13. gxf5 exf5 14. g3
f4 15. Nh4 fxg3 16. fxg3 Bxh4 17. Rxh4 Qg5 18. Rg4 Qe7 19. O-O-O a5 20. Qh2
a4 21. Qxh6 { Black resigns } 1-0

[Event "ICC tourney 2434 (75 10)"]
[Site "Internet Chess Club"]
[Date "2021.03.07"]
[Round "5"]
[White "WAHARTE, LOUKA:lwaharte"]
[Black "JACOBS, STEVE:Steviejay"]
[Result "1-0"]
[ICCResult "Black resigns"]
[WhiteElo "1466"]
[BlackElo "1429"]
[Opening "Caro-Kann: Steinitz variation"]
[ECO "B17"]
[NIC "CK.08"]
[Time "16:31:28"]
[PlyCount "61"]
[TimeControl "4500+10"]

1. e4 c6 2. d4 d5 3. Nc3 dxe4 4. Nxe4 Nd7 5. Nf3 Ngf6 6. Nxf6+ Nxf6 7. Bc4
Bg4 8. Bxf7+ Kxf7 9. Ne5+ Ke8 10. Nxg4 Qd6 11. O-O Rd8 12. c3 Nxg4 13. Qxg4
g6 14. Bf4 Qd7 15. Qg3 Bg7 16. Rae1 Rf8 17. Re2 Rf7 18. Rfe1 Kf8 19. Bg5
Re8 20. Qh4 e6 21. Qxh7 Bxd4 22. Qxg6 Rg7 23. Bh6 Bb6 24. Bxg7+ Qxg7 25.
Qxg7+ Kxg7 26. Rxe6 Rf8 27. R1e2 Rd8 28. g3 Rf8 29. Kg2 Kh7 30. Re7+ Kg6
31. Rxb7 { Black resigns } 1-0

[Event "ICC tourney 2434 (75 10)"]
[Site "Internet Chess Club"]
[Date "2021.03.07"]
[Round "5"]
[White "Shan, Ethan:ethanshan"]
[Black "Pulijala, Akshaj:akshajp"]
[Result "1-0"]
[ICCResult "Black checkmated"]
[WhiteElo "1492"]
[BlackElo "1394"]
[Opening "Sicilian: Pelikan (Lasker/Sveshnikov) variation"]
[ECO "B33"]
[NIC "SI.35"]
[Time "16:31:10"]
[PlyCount "71"]
[TimeControl "4500+10"]

1. e4 c5 2. Nf3 Nc6 3. d4 cxd4 4. Nxd4 Nf6 5. Nc3 e5 6. Nf3 Bb4 7. Bc4 O-O
8. O-O Bxc3 9. bxc3 Nxe4 10. Re1 Nxc3 11. Qd3 d5 12. Bb3 e4 13. Qxc3 exf3
14. Qxf3 Be6 15. Bb2 Qg5 16. Rad1 Qf5 17. Qxf5 Bxf5 18. Rxd5 Bg6 19. h4 h6
20. h5 Bh7 21. Re3 g6 22. hxg6 Bxg6 23. Rg3 Kh7 24. f4 Rg8 25. Rd7 Bh5 26.
Rh3 Bg6 27. f5 Nd8 28. fxg6+ Rxg6 29. Rf3 Ne6 30. Rfxf7+ Kg8 31. Rfe7 Rf8
32. Bxe6+ Rxe6 33. Rxe6 Rc8 34. Rg6+ Kf8 35. Rxh6 Rxc2 36. Rh8# { Black
checkmated } 1-0

[Event "ICC tourney 2434 (75 10)"]
[Site "Internet Chess Club"]
[Date "2021.03.07"]
[Round "5"]
[White "CAMPERS, WILLIE:BillietheKid"]
[Black "XU, ANDY YUEDUO:sillytiger"]
[Result "1-0"]
[ICCResult "Black resigns"]
[WhiteElo "1477"]
[BlackElo "1449"]
[Opening "Sicilian: Smith-Morra gambit"]
[ECO "B21"]
[NIC "SI.48"]
[Time "16:31:36"]
[PlyCount "63"]
[TimeControl "4500+10"]

1. e4 c5 2. d4 cxd4 3. c3 dxc3 4. Nxc3 e5 5. Nf3 Nc6 6. Be3 Nf6 7. Bd3 Bb4
8. Qb3 Bxc3+ 9. Qxc3 d6 10. O-O O-O 11. Rfd1 Be6 12. a3 Rc8 13. Qe1 Qe7 14.
b4 a6 15. Ng5 b5 16. Nxe6 Qxe6 17. a4 Nxb4 18. Qxb4 d5 19. axb5 dxe4 20.
Rxa6 Qg4 21. f3 Qd7 22. fxe4 Rfd8 23. Ra7 Qg4 24. Qe1 h6 25. Be2 Rxd1 26.
Bxd1 Qxe4 27. Bf3 Qd3 28. b6 e4 29. Bd1 Nd5 30. b7 Rf8 31. Bc5 Re8 32. Ra8
{ Black resigns } 1-0

[Event "ICC tourney 2434 (75 10)"]
[Site "Internet Chess Club"]
[Date "2021.03.07"]
[Round "5"]
[White "LAIDO, OLIVIA:beibeiolivia"]
[Black "PRADEEP, PRANAV:blitzstriker"]
[Result "1-0"]
[ICCResult "Black resigns"]
[WhiteElo "1440"]
[BlackElo "1445"]
[Opening "French: advance, Euwe variation"]
[ECO "C02"]
[NIC "FR.03"]
[Time "16:31:09"]
[PlyCount "141"]
[TimeControl "4500+10"]

1. e4 e6 2. d4 d5 3. e5 c5 4. c3 Bd7 5. Nf3 Nc6 6. Be2 Qb6 7. Qb3 Qxb3 8.
axb3 cxd4 9. cxd4 Nge7 10. O-O Nf5 11. Be3 Be7 12. Nc3 a6 13. Rfd1 Nb4 14.
Rac1 O-O 15. Na4 Bxa4 16. bxa4 Nxe3 17. fxe3 Rac8 18. Kf2 f6 19. exf6 Bxf6
20. Kg1 Nc2 21. Rd3 Rc6 22. Bf1 Rfc8 23. Rb3 R8c7 24. Kf2 Nb4 25. Rxc6 Nxc6
26. Rc3 Rf7 27. Ke1 Ne7 28. Kd2 Nf5 29. Bd3 Nd6 30. Ke2 g6 31. b3 Rf8 32.
Rc2 Rc8 33. Rxc8+ Nxc8 34. b4 Nb6 35. Bc2 Nc4 36. Bd3 Nb2 37. Bc2 Nc4 38.
Bb3 b5 39. axb5 axb5 40. Ne1 Kf7 41. g3 Ke7 42. h4 h6 43. Nf3 g5 44. hxg5
Bxg5 45. Nxg5 hxg5 46. Kd3 Kf6 47. e4 dxe4+ 48. Ke2 Nd6 49. g4 Ke7 50. Ke3
Kf6 51. Bc2 Nc4+ 52. Kxe4 Nd6+ 53. Ke3 Nf7 54. Bd3 Nd6 55. Be2 Kf7 56. Bf3
Ke7 57. d5 exd5 58. Bxd5 Kf6 59. Kd4 Ke7 60. Bc6 Kd8 61. Kc5 Kc7 62. Bxb5
Nxb5 63. Kxb5 Kb7 64. Kc5 Ka6 65. Kd5 Kb5 66. Ke5 Kxb4 67. Kf5 Kc5 68. Kxg5
Kd6 69. Kf6 Kd7 70. Kf7 Kd8 71. g5 { Black resigns } 1-0

[Event "ICC tourney 2434 (75 10)"]
[Site "Internet Chess Club"]
[Date "2021.03.07"]
[Round "5"]
[White "TORCHINSKY-FIELD, IZZY:strongbear"]
[Black "ZHU, FLORINA:Florina12345"]
[Result "0-1"]
[ICCResult "White checkmated"]
[WhiteElo "1300"]
[BlackElo "1381"]
[Opening "Nimzovich-Larsen attack: Indian variation"]
[ECO "A01"]
[NIC "VO.08"]
[Time "16:31:18"]
[PlyCount "116"]
[TimeControl "4500+10"]

1. b3 Nf6 2. Bb2 g6 3. Bxf6 exf6 4. d4 Bg7 5. e3 d5 6. g3 Nc6 7. Ne2 Bf5 8.
a3 a5 9. Nbc3 O-O 10. Bg2 Ne7 11. O-O Qd7 12. Nf4 c6 13. Nce2 Bh8 14. c4 g5
15. Nd3 b6 16. Nc3 dxc4 17. bxc4 Bh3 18. Rb1 Bxg2 19. Kxg2 f5 20. Ne2 Rab8
21. Rb3 Qe6 22. Qc2 h5 23. Rfb1 Qe4+ 24. Kg1 h4 25. Ne1 Qxc2 26. Nxc2 Nc8
27. Nc3 Bf6 28. Ne1 Bd8 29. Nd3 f6 30. Na4 hxg3 31. hxg3 Rf7 32. Ndc5 Re7
33. R3b2 Ra8 34. Nd3 Bc7 35. Nc3 Bd6 36. a4 Bc7 37. c5 Rb8 38. cxb6 Rxb6
39. Nc5 Rxb2 40. Rxb2 Bd6 41. Ne2 Kf7 42. Rb7 Bxc5 43. Rxe7+ Bxe7 44. Nc3
Nb6 45. Kf1 Bb4 46. Na2 Nxa4 47. Ke2 Nc3+ 48. Nxc3 Bxc3 49. Kd3 Bb4 50. Kc4
Ke6 51. f4 g4 52. Kb3 Kd5 53. Kc2 a4 54. Kb2 Kc4 55. Ka2 a3 56. Ka1 Kb3 57.
Kb1 a2+ 58. Ka1 Bc3# { White checkmated } 0-1

[Event "ICC tourney 2434 (75 10)"]
[Site "Internet Chess Club"]
[Date "2021.03.07"]
[Round "5"]
[White "SKARIAH, ANUSHKA ELIZABETH:kskariah"]
[Black "NEALE, MARK ROBERT:mrneale"]
[Result "0-1"]
[ICCResult "White checkmated"]
[WhiteElo "1375"]
[BlackElo "1528"]
[Opening "King's pawn opening"]
[ECO "B07"]
[NIC "VO.17"]
[Time "16:31:10"]
[PlyCount "154"]
[TimeControl "4500+10"]

1. e4 d6 2. d4 Nd7 3. Nc3 e5 4. d5 Ngf6 5. f3 Be7 6. Nge2 Nf8 7. Ng3 Ng6 8.
Bb5+ Bd7 9. Bxd7+ Qxd7 10. Be3 Nf4 11. Qd2 N6h5 12. Nxh5 Nxh5 13. O-O O-O
14. Ne2 f5 15. c4 fxe4 16. fxe4 Rxf1+ 17. Rxf1 Rf8 18. Rxf8+ Kxf8 19. Nc3
a6 20. b4 Qg4 21. Qf2+ Nf6 22. Qf3 Qxf3 23. gxf3 h6 24. Kg2 Nh7 25. a4 b6
26. Kg3 Nf6 27. Ne2 Kf7 28. Kf2 Kg6 29. Ke1 Nd7 30. f4 Kf6 31. f5 g5 32. h3
Kf7 33. Ng3 Nf6 34. Kd2 Bf8 35. Kc3 Ke7 36. c5 b5 37. cxd6+ cxd6 38. a5 g4
39. h4 Kf7 40. Kd3 Kg7 41. Bd2 Be7 42. Be3 Kh7 43. Bd2 Ne8 44. h5 Bh4 45.
Ne2 Nf6 46. Be3 Nxh5 47. Nc3 Be1 48. Nxb5 Bxb4 49. Ke2 Nf6 50. Kd3 Ne8 51.
Nc3 Bxa5 52. Ne2 Nf6 53. Bf2 h5 54. Bh4 Bd8 55. Ng3 Kh6 56. Ne2 Be7 57. Ng3
Nxd5 58. Bxe7 Nxe7 59. Kc4 h4 60. f6 Ng6 61. Nf5+ Kg5 62. f7 g3 63. Ne3 h3
64. Kd5 g2 65. Kxd6 g1=Q 66. Nd5 Qa7 67. Ne3 Qxe3 68. f8=Q Qa3+ 69. Kd5
Qxf8 70. Ke6 Qe7+ 71. Kd5 Qd7+ 72. Kc4 Qd4+ 73. Kb3 h2 74. Kc2 h1=Q 75. Kb3
Qh3+ 76. Kc2 Qf2+ 77. Kd1 Qh1# { White checkmated } 0-1

[Event "ICC tourney 2434 (75 10)"]
[Site "Internet Chess Club"]
[Date "2021.03.07"]
[Round "5"]
[White "MITRA, AHANA:lovechess1225"]
[Black "Xia, Joshua:MathMonkey"]
[Result "1/2-1/2"]
[ICCResult "Game drawn because neither player has mating material"]
[WhiteElo "1478"]
[BlackElo "1383"]
[Opening "Giuoco Pianissimo: Italian four knights variation"]
[ECO "C50"]
[NIC "IG.02"]
[Time "16:31:11"]
[PlyCount "107"]
[TimeControl "4500+10"]

1. e4 e5 2. Nf3 Nc6 3. Bc4 Bc5 4. Nc3 Nf6 5. d3 O-O 6. h3 d6 7. O-O Na5 8.
Bb3 Nxb3 9. axb3 h6 10. Be3 Bxe3 11. fxe3 Nh5 12. Kh2 g6 13. Qd2 Kh7 14. d4
f6 15. b4 Rg8 16. Qe2 exd4 17. exd4 Nf4 18. Qd2 g5 19. Rad1 Bd7 20. e5 dxe5
21. dxe5 Bf5 22. Qxd8 Raxd8 23. Nd4 Bc8 24. exf6 Rdf8 25. Ndb5 Rxf6 26. g3
Bxh3 27. Rf2 Bg4 28. Rdf1 Bh3 29. Re1 Rg7 30. gxf4 g4 31. Re3 h5 32. Ne4
Rb6 33. Ng5+ Kh6 34. Nd4 g3+ 35. Rxg3 Bd7 36. c3 h4 37. Re3 Kh5 38. Rg2 Rf6
39. Re5 Kh6 40. Nh3 Bxh3 41. Rxg7 Kxg7 42. Kxh3 Rxf4 43. Rf5 Rxf5 44. Nxf5+
Kf6 45. Nd4 Ke5 46. Kxh4 Ke4 47. Kg5 Kd3 48. Kf6 Kd2 49. Ke7 Kc1 50. Kd7
Kxb2 51. Kxc7 Kxc3 52. Nb5+ Kxb4 53. Nxa7 b5 54. Nxb5 { Game drawn because
neither player has mating material } 1/2-1/2

[Event "ICC tourney 2434 (75 10)"]
[Site "Internet Chess Club"]
[Date "2021.03.07"]
[Round "5"]
[White "SULTAN, BASHIR CISSE:muzikmixer"]
[Black "SHAH, KAIVAL:kaivalshah"]
[Result "0-1"]
[ICCResult "White resigns"]
[WhiteElo "1577"]
[BlackElo "1340"]
[Opening "English opening"]
[ECO "A17"]
[NIC "EO.64"]
[Time "16:31:13"]
[PlyCount "48"]
[TimeControl "4500+10"]

1. c4 e6 2. Nc3 Nf6 3. Nf3 c5 4. e3 Nc6 5. Be2 d5 6. d4 cxd4 7. exd4 Be7 8.
a3 a6 9. c5 b6 10. b4 bxc5 11. dxc5 O-O 12. Bb2 Nd7 13. Qc2 Bf6 14. Rd1
Nde5 15. Nxe5 Bxe5 16. Ne4 Bc7 17. O-O f5 18. Nd6 Bxd6 19. cxd6 Qxd6 20. f4
Bb7 21. Qc3 Qe7 22. Bf3 Rac8 23. Rc1 Rc7 24. Qc4 dxc4 { White resigns } 0-1

[Event "ICC tourney 2434 (75 10)"]
[Site "Internet Chess Club"]
[Date "2021.03.07"]
[Round "5"]
[White "DALEY, EDWARD L:GoIrish"]
[Black "LI, EMMA:BulbasaurMaster"]
[Result "0-1"]
[ICCResult "White checkmated"]
[WhiteElo "1464"]
[BlackElo "1441"]
[Opening "Réti: King's Indian attack"]
[ECO "A08"]
[NIC "QP.09"]
[Time "16:31:12"]
[PlyCount "92"]
[TimeControl "4500+10"]

1. Nf3 d5 2. g3 c5 3. Bg2 Nc6 4. O-O Nf6 5. d3 g6 6. Nbd2 Bg7 7. e4 e6 8.
Qe2 O-O 9. Re1 Re8 10. c3 b6 11. exd5 exd5 12. Qd1 Be6 13. c4 Rc8 14. cxd5
Nxd5 15. Nc4 Ndb4 16. Nce5 Nxe5 17. Nxe5 Qd4 18. a3 Bxe5 19. axb4 Re7 20.
Re4 Qd6 21. Qe2 Bf5 22. bxc5 bxc5 23. Re3 Rd8 24. Ra3 f6 25. Kh1 Red7 26.
f4 Bd4 27. Re8+ Rxe8 28. Qxe8+ Qf8 29. Qxf8+ Kxf8 30. h3 Bf2 31. Bd2 Bxd3
32. b4 c4 33. b5 Bxg3 34. Bb4+ Kg7 35. Bc6 Rf7 36. Bd5 Rc7 37. b6 axb6 38.
Ra8 g5 39. Rg8+ Kh6 40. Bf8+ Kh5 41. Bf3+ Kh4 42. Bd6 Rd7 43. Rh8 c3 44.
Bg4 c2 45. Bxd7 c1=Q+ 46. Kg2 Qf1# { White checkmated } 0-1

[Event "ICC tourney 2434 (75 10)"]
[Site "Internet Chess Club"]
[Date "2021.03.07"]
[Round "5"]
[White "CHARBONNIER, JAMES MICHAEL:Electryon"]
[Black "Pendse, Vihaan:awakeprize"]
[Result "0-1"]
[ICCResult "White checkmated"]
[WhiteElo "1359"]
[BlackElo "1492"]
[Opening "English opening"]
[ECO "A20"]
[NIC "EO.24"]
[Time "16:31:08"]
[PlyCount "84"]
[TimeControl "4500+10"]

1. c4 e5 2. g3 Nc6 3. Bg2 f5 4. Nc3 Nf6 5. e4 d6 6. Nge2 Be7 7. O-O O-O 8.
exf5 Bxf5 9. a3 a5 10. d4 exd4 11. Nxd4 Nxd4 12. Qxd4 Rb8 13. Be3 Qd7 14.
Nd5 Nxd5 15. Qxd5+ Be6 16. Qd3 Bf6 17. Bd4 Qf7 18. Rfc1 Bxd4 19. Qxd4 Qf6
20. Qxf6 Rxf6 21. Rc3 b6 22. b4 Rbf8 23. Rf1 Kf7 24. c5 axb4 25. axb4 bxc5
26. bxc5 d5 27. Rd3 c6 28. Ra1 Rb8 29. Ra7+ Kg8 30. Rd1 Rb2 31. f4 h6 32.
Rc7 Bf7 33. Rc1 Re6 34. Bf3 Be8 35. Ra7 Re3 36. Bg4 h5 37. Bf5 Ree2 38. Ra8
Kf7 39. Ra7+ Kf6 40. Bd7 Rg2+ 41. Kf1 Rxh2 42. Bxe8 Rh1# { White checkmated
} 0-1

[Event "ICC tourney 2434 (75 10)"]
[Site "Internet Chess Club"]
[Date "2021.03.07"]
[Round "5"]
[White "BORGE, RONALD:LOCHAR"]
[Black "ANDERSEN, JEFF C.:Paladin51"]
[Result "0-1"]
[ICCResult "White resigns"]
[WhiteElo "1554"]
[BlackElo "1524"]
[Opening "English opening"]
[ECO "A20"]
[NIC "EO.24"]
[Time "16:31:10"]
[PlyCount "126"]
[TimeControl "4500+10"]

1. c4 e5 2. g3 Nf6 3. Bg2 Bc5 4. Nc3 Nc6 5. e3 O-O 6. Nge2 d5 7. cxd5 Nb4
8. d4 exd4 9. exd4 Be7 10. Nf4 Bd6 11. a3 Re8+ 12. Kf1 Bxf4 13. axb4 Bd6
14. b5 Bf5 15. Bg5 h6 16. Bxf6 Qxf6 17. Qd2 Re7 18. Re1 Rae8 19. Rxe7 Qxe7
20. f3 Bd3+ 21. Kf2 Bc4 22. Bf1 Bb3 23. Bd3 Bb4 24. Ra1 Bxc3 25. bxc3 Bxd5
26. c4 Be6 27. Rxa7 Bh3 28. Ra1 Qd6 29. Be4 f5 30. Bxb7 f4 31. Bd5+ Kh8 32.
Re1 fxg3+ 33. hxg3 Rf8 34. Rh1 Bg4 35. Rh4 Bd7 36. Be4 Bf5 37. Bxf5 Rxf5
38. Qe3 Qf8 39. Re4 Qb4 40. Qe2 Qb3 41. g4 Rf8 42. f4 Qh3 43. Qf3 Qh2+ 44.
Ke3 Qc2 45. f5 Qxc4 46. Re5 Qc3+ 47. Kf2 Qxd4+ 48. Qe3 Qxg4 49. Qf3 Qd4+
50. Qe3 Qb2+ 51. Kf3 Qh2 52. Ke4 Qh4+ 53. Kf3 Qh1+ 54. Ke2 Qh5+ 55. Ke1 Rd8
56. Kf2 Qh2+ 57. Kf3 Qh3+ 58. Kf4 Qh4+ 59. Kf3 Qh1+ 60. Kf4 Qf1+ 61. Ke4
Qc4+ 62. Kf3 Rd3 63. Re8+ Kh7 { White resigns } 0-1

[Event "ICC tourney 2434 (75 10)"]
[Site "Internet Chess Club"]
[Date "2021.03.07"]
[Round "5"]
[White "GIRISH, NIYATHI:missqueen"]
[Black "Xiao, Marina:marinaxiao"]
[Result "1-0"]
[ICCResult "Black forfeits on time"]
[WhiteElo "1315"]
[BlackElo "1484"]
[Opening "Sicilian: Sveshnikov variation"]
[ECO "B33"]
[NIC "SI.38"]
[Time "16:32:02"]
[PlyCount "101"]
[TimeControl "4500+10"]

1. e4 c5 2. Nf3 Nc6 3. d4 cxd4 4. Nxd4 Nf6 5. Nc3 e5 6. Ndb5 d6 7. Bg5 a6
8. Na3 b5 9. Bxf6 gxf6 10. Nd5 f5 11. Bd3 Be6 12. O-O Bg7 13. Qh5 f4 14. c4
b4 15. Nc2 a5 16. a3 b3 17. Ne1 Rb8 18. Nf3 O-O 19. Rac1 Ne7 20. c5 h6 21.
c6 Qe8 22. c7 Ra8 23. Nh4 Kh8 24. Nf5 Nxf5 25. exf5 Bxd5 26. f6 Qd7 27.
fxg7+ Kxg7 28. Bf5 Be6 29. Bxe6 Qxe6 30. Rfd1 Rac8 31. Rc6 Qe7 32. Rdxd6
Qg5 33. Qh3 f6 34. Rd7+ Kg6 35. Qd3+ Qf5 36. Qd1 Rfe8 37. Rcd6 Re6 38. Rxe6
Qxe6 39. Re7 Qf5 40. h3 a4 41. Qd8 f3 42. Re8 fxg2 43. Qxc8 Qb1+ 44. Kxg2
Qe4+ 45. Kg3 Qf4+ 46. Kg2 Qe4+ 47. Kh2 Qf4+ 48. Kg1 Qc1+ 49. Kg2 Qc6+ 50.
Kg3 e4 51. Qg4+ { Black forfeits on time } 1-0

[Event "ICC tourney 2434 (75 10)"]
[Site "Internet Chess Club"]
[Date "2021.03.07"]
[Round "6"]
[White "REMPE, LENNIK:Kokosnuss1000"]
[Black "PRADEEP, PRANAV:blitzstriker"]
[Result "1/2-1/2"]
[ICCResult "Game drawn by mutual agreement"]
[WhiteElo "1450"]
[BlackElo "1445"]
[Opening "French: exchange variation"]
[ECO "C01"]
[NIC "FR.01"]
[Time "20:01:13"]
[PlyCount "33"]
[TimeControl "4500+10"]

1. e4 e6 2. d4 d5 3. exd5 exd5 4. Nf3 Nf6 5. Bd3 Bd6 6. O-O Bg4 7. h3 Bh5
8. Bg5 h6 9. Bh4 Nc6 10. c3 O-O 11. Nbd2 Re8 12. Qc2 Be7 13. Rae1 g5 14.
Bg3 Bd6 15. Bxd6 Qxd6 16. h4 g4 17. Ne5 { Game drawn by mutual agreement }
1/2-1/2

[Event "ICC tourney 2434 (75 10)"]
[Site "Internet Chess Club"]
[Date "2021.03.07"]
[Round "6"]
[White "NEALE, MARK ROBERT:mrneale"]
[Black "CAMPERS, WILLIE:BillietheKid"]
[Result "1-0"]
[ICCResult "Black checkmated"]
[WhiteElo "1528"]
[BlackElo "1477"]
[Opening "Queen's pawn game"]
[ECO "D02"]
[NIC "QP.08"]
[Time "20:01:20"]
[PlyCount "85"]
[TimeControl "4500+10"]

1. d4 d5 2. Nf3 e6 3. Bf4 c6 4. e3 Nf6 5. Bd3 Be7 6. Nbd2 Nbd7 7. h3 h6 8.
O-O O-O 9. Re1 Re8 10. c4 Bb4 11. a3 Ba5 12. b4 Bc7 13. Bxc7 Qxc7 14. c5 e5
15. dxe5 Nxe5 16. Nxe5 Qxe5 17. Nf3 Qc7 18. Nd2 Bd7 19. e4 dxe4 20. Bxe4
Nxe4 21. Nxe4 Be6 22. Nd6 Red8 23. Qc2 b6 24. Ne4 Qf4 25. Ng3 Rd2 26. Ne2
Qg5 27. Qc3 Bd5 28. g3 Rxe2 29. Rxe2 Qh5 30. g4 Qg6 31. Rae1 h5 32. Qg3
hxg4 33. Re8+ Rxe8 34. Rxe8+ Kh7 35. Qh4+ Qh6 36. Qxh6+ Kxh6 37. cxb6 axb6
38. hxg4 b5 39. Kh2 Kg5 40. Kg3 g6 41. f4+ Kf6 42. g5+ Kf5 43. Re5# { Black
checkmated } 1-0

[Event "ICC tourney 2434 (75 10)"]
[Site "Internet Chess Club"]
[Date "2021.03.07"]
[Round "6"]
[White "WANG, YUANZHE:yogokings12"]
[Black "ZHU, FLORINA:Florina12345"]
[Result "1/2-1/2"]
[ICCResult "Game drawn by repetition"]
[WhiteElo "1576"]
[BlackElo "1381"]
[Opening "KGD: Falkbeer counter-gambit"]
[ECO "C31"]
[NIC "KG.04"]
[Time "20:01:12"]
[PlyCount "129"]
[TimeControl "4500+10"]

1. e4 e5 2. f4 d5 3. exd5 Qxd5 4. Nc3 Qa5 5. Nf3 Nc6 6. Bb5 Bg4 7. fxe5 a6
8. Bxc6+ bxc6 9. O-O Bc5+ 10. Kh1 Ne7 11. d4 Bb6 12. a3 Ba7 13. Bg5 Nd5 14.
Nxd5 Qxd5 15. c3 O-O 16. h3 Bh5 17. Qd2 Bxf3 18. Rxf3 c5 19. Rd1 cxd4 20.
cxd4 Rfe8 21. b4 Bb6 22. Qd3 c6 23. Qb3 Bd8 24. Qxd5 cxd5 25. Bxd8 Rexd8
26. Rc3 a5 27. b5 a4 28. Rc5 Rab8 29. Rb1 Kf8 30. Rb4 Ra8 31. Kg1 Ke7 32.
Kf2 Ke6 33. Rc6+ Kd7 34. Rd6+ Kc7 35. Rxd8 Kxd8 36. Ke3 Kc7 37. Kd3 Kb6 38.
g4 g5 39. Rb1 Ra5 40. Rf1 Rxb5 41. Rxf7 Rb3+ 42. Kc2 Rxh3 43. e6 Re3 44. e7
Kc6 45. Rxh7 Kd7 46. Rg7 Rxa3 47. Rxg5 Kxe7 48. Rxd5 Rg3 49. g5 Kf7 50. Kb2
Kg6 51. Ra5 Rxg5 52. Rxa4 Rg3 53. Rc4 Kf6 54. Rc3 Rxc3 55. Kxc3 Ke6 56. Kc4
Kd6 57. d5 Kd7 58. Kc5 Kc7 59. d6+ Kd7 60. Kd5 Kd8 61. Ke6 Ke8 62. Ke5 Kd7
63. Kd5 Kd8 64. Kc5 Kd7 65. Kd5 { Game drawn by repetition } 1/2-1/2

[Event "ICC tourney 2434 (75 10)"]
[Site "Internet Chess Club"]
[Date "2021.03.07"]
[Round "6"]
[White "Pulijala, Akshaj:akshajp"]
[Black "SULTAN, BASHIR CISSE:muzikmixer"]
[Result "1/2-1/2"]
[ICCResult "Game drawn by mutual agreement"]
[WhiteElo "1394"]
[BlackElo "1577"]
[Opening "Pirc: Ufimtsev-Pytel variation"]
[ECO "B07"]
[NIC "QO.17"]
[Time "20:02:04"]
[PlyCount "65"]
[TimeControl "4500+10"]

1. d4 d6 2. Nc3 Nf6 3. e4 c6 4. Nf3 Bg4 5. Be2 e6 6. Be3 Be7 7. O-O O-O 8.
Qd2 Bxf3 9. Bxf3 d5 10. Rfe1 Qa5 11. a3 dxe4 12. Nxe4 Qxd2 13. Nxd2 Nd5 14.
Bxd5 cxd5 15. c4 dxc4 16. Nxc4 Bf6 17. Ne5 Bxe5 18. dxe5 Nd7 19. f4 h5 20.
Rad1 Rfd8 21. Rd6 Nf8 22. Rxd8 Rxd8 23. Bxa7 Rd2 24. Rb1 Ng6 25. g3 h4 26.
Bf2 h3 27. a4 Ne7 28. a5 Nd5 29. Bc5 Rg2+ 30. Kh1 Rc2 31. Bg1 Nb4 32. Bb6
Nd3 33. b4 { Game drawn by mutual agreement } 1/2-1/2

[Event "ICC tourney 2434 (75 10)"]
[Site "Internet Chess Club"]
[Date "2021.03.07"]
[Round "6"]
[White "LI, EMMA:BulbasaurMaster"]
[Black "Xia, Joshua:MathMonkey"]
[Result "0-1"]
[ICCResult "White resigns"]
[WhiteElo "1441"]
[BlackElo "1383"]
[Opening "Four knights: Spanish, classical defense"]
[ECO "C48"]
[NIC "KP.03"]
[Time "20:01:15"]
[PlyCount "78"]
[TimeControl "4500+10"]

1. e4 e5 2. Nf3 Nc6 3. Nc3 Nf6 4. Bb5 Bc5 5. Nxe5 Bxf2+ 6. Kxf2 Nxe5 7. h3
c6 8. Be2 O-O 9. d4 Ng6 10. Rf1 d5 11. e5 Ne4+ 12. Nxe4 dxe4 13. Kg1 Qh4
14. Kh2 f5 15. g3 Qe7 16. Rf2 Qe6 17. Qf1 Kh8 18. Bg5 h6 19. Be3 Ne7 20. c4
g5 21. h4 f4 22. gxf4 g4 23. Rg2 Nf5 24. Bf2 g3+ 25. Rxg3 Nxg3 26. Bxg3 Qf5
27. Qg2 Be6 28. Rg1 Rg8 29. Qf1 Rad8 30. d5 cxd5 31. cxd5 Bxd5 32. Bc4 Bxc4
33. Qxc4 Rd2+ 34. Rg2 Rxg2+ 35. Kxg2 e3 36. e6 Qf6 37. Qc3 Qxc3 38. bxc3
Kg7 39. f5 Kf6 { White resigns } 0-1

[Event "ICC tourney 2434 (75 10)"]
[Site "Internet Chess Club"]
[Date "2021.03.07"]
[Round "6"]
[White "GINZBURG, LIORA:Liopleuradon15"]
[Black "GIRISH, NIYATHI:missqueen"]
[Result "1/2-1/2"]
[ICCResult "Game drawn by mutual agreement"]
[WhiteElo "1443"]
[BlackElo "1315"]
[Opening "Queen's pawn game, Chigorin variation"]
[ECO "A04"]
[NIC "QP.11"]
[Time "20:01:40"]
[PlyCount "44"]
[TimeControl "4500+10"]

1. Nf3 Nc6 2. d4 d5 3. c4 e6 4. Nc3 Nf6 5. Bg5 Be7 6. e3 O-O 7. a3 h6 8.
Bh4 b6 9. Bd3 Bb7 10. O-O Ne4 11. Bxe4 dxe4 12. Bxe7 Nxe7 13. Nd2 f5 14. b4
g6 15. Ne2 a5 16. c5 axb4 17. Nf4 Qd7 18. axb4 g5 19. Rxa8 Rxa8 20. Nh5 Nd5
21. Qb1 Ba6 22. Rc1 bxc5 { Game drawn by mutual agreement } 1/2-1/2